 Dungeon Crawl Stone Soup version 0.25.1-8-g42b30a86e7 (webtiles) character file.

Game seed: 14149669265656768176

91 Clowwww the Skirmisher (level 4, 35/35 HPs)
             Began as a Demonspawn Fighter on Dec 23, 2020.
             Was an Initiate of Ashenzari.
             Quit the game on level 2 of the Dungeon.
             The game lasted 00:02:48 (1196 turns).

Clowwww the Skirmisher (Demonspawn Fighter)         Turns: 1196, Time: 00:02:49

Health: 35/35      AC:  8    Str: 18    XL:     4   Next: 34%
Magic:  4/4        EV:  7    Int:  9    God:    Ashenzari [......]
Gold:   92         SH:  9    Dex: 12    Spells: 3/3 levels left

rFire    . . .     SeeInvis .   a - +0 war axe
rCold    . . .     Gourm    .   c - +0 kite shield
rNeg     . . .     Faith    .   b - +0 scale mail
rPois    .         Spirit   .   (helmet restricted)
rElec    .         Reflect  .   (no cloak)
rCorr    .         Harm     .   (no gloves)
MR       .....                  (no boots)
Stlth    ..........             (no amulet)
HPRegen  0.11/turn              (no ring)
MPRegen  0.09/turn              (no ring)

@: no status effects
A: antennae 1, molten scales 1
a: Curse Item, Renounce Religion


You were on level 2 of the Dungeon.
You worshipped Ashenzari.
Ashenzari was noncommittal.
You were not hungry.

You visited 1 branch of the dungeon, and saw 2 of its levels.

You collected 92 gold pieces.

Inventory:

Hand Weapons
 a - a +0 war axe (weapon)
Missiles
 r - 7 boomerangs (quivered)
Armour
 b - a +0 scale mail (worn)
 c - a +0 kite shield (worn)
Scrolls
 h - a scroll of enchant weapon {unknown}
 i - 2 scrolls of blinking {unknown}
 k - a scroll of fog {unknown}
 l - a scroll of enchant armour {unknown}
 m - 2 scrolls of fear {unknown}
 q - a scroll of teleportation {unknown}
Potions
 d - a potion of might
 e - a potion of heal wounds {unknown}
 g - 2 potions of curing {unknown}
 n - a potion of degeneration {unknown}
 o - a potion of lignification {unknown}
 p - 2 potions of mutation {unknown}
Comestibles
 f - 4 rations
 j - a chunk of flesh


   Skills:
 + Level 3.4 Fighting
 + Level 2.6 Axes
 + Level 3.2 Armour
 + Level 0.4 Dodging
 + Level 3.3 Shields


You had 3 spell levels left.
You didn't know any spells.
Your spell library was empty.

Dungeon Overview and Level Annotations

Branches:
Dungeon (2/15)

Altars:
Ashenzari
Cheibriados
Dithmenos
Gozag
Nemelex Xobeh
Uskayaw
Zin


Innate Abilities, Weirdness & Mutations

You have a pair of small antennae on your head.
You are partially covered in molten scales. (AC +2)


Message History

All of the chunks of flesh in your inventory have rotted away.
You hit Natasha.
You kill Natasha!
Natasha growls in agony!
You have reached level 4!
You feel stronger.
Your demonic ancestry asserts itself...
A pair of antennae grows on your head!
You see here the felid corpse of Natasha.
You butcher the felid corpse of Natasha.
j - a chunk of flesh You see here the felid skeleton of Natasha. x2
Found 25 sling bullets.
A rat comes into view.
Found a stone staircase leading up.
You closely miss the rat. The rat bites you but does no damage.
You slash the rat!
You kill the rat!
You see here a rat corpse.
There is a stone staircase leading up here.
Are you sure you want to abandon this character and quit the game? (Confirm with "yes".)

#########.# #.# .......)..# #.#
##..#####.# ###########.# #####
#### ......(.....#
##.#####.############...###..####
.#.#.#.#._#......................
.........#######†#..#...###.÷####
..........######.#..##### #...#
.#.#.#.#._#.....@#..# #.#.#
_#.#_#_###########..# #.#.#
######## #..# #.#.# .# #..# #.#.#
.# #..# #.#.# .### #..# #.#.###
..># #.....# .#.### #.#.#.#
.....## #.....#


There were no monsters in sight!

Vanquished Creatures
  Natasha (D:2)
  2 adders (D:2)
  An ooze (D:1)
  2 dart slugs
  A leopard gecko (D:1)
  4 orcs (D:2)
  4 giant cockroaches
  3 goblins
  2 hobgoblins (D:1)
  3 bats
  2 frilled lizards (D:2)
  7 kobolds
  8 rats
40 creatures vanquished.

Notes
Turn   | Place    | Note
-------+----------+-------------------------------------------
     0 | D:1      | Clowwww the Demonspawn Fighter began the quest for the Orb.
     0 | D:1      | Reached XP level 1. HP: 18/18 MP: 1/1
   149 | D:1      | Gained mutation: You are partially covered in molten
                  | scales. (AC +2) [demonic ancestry]
   149 | D:1      | Reached XP level 2. HP: 24/24 MP: 2/2
   458 | D:2      | Found a shattered altar of Ashenzari.
   485 | D:2      | Became a worshipper of Ashenzari the Shackled
   524 | D:2      | Reached XP level 3. HP: 28/29 MP: 3/3
   535 | D:2      | Found an opulent altar of Gozag.
   542 | D:2      | Found a hide-covered altar of Uskayaw.
   542 | D:2      | Found a sparkling altar of Nemelex Xobeh.
   543 | D:2      | Found a snail-covered altar of Cheibriados.
   544 | D:2      | Found a shadowy altar of Dithmenos.
   843 | D:2      | Found a faded altar of an unknown god.
   945 | D:2      | Found a glowing silver altar of Zin.
  1167 | D:2      | Noticed Natasha
  1175 | D:2      | Killed Natasha
  1175 | D:2      | Gained mutation: You have a pair of small antennae on your
                  | head. [demonic ancestry]
  1175 | D:2      | Reached XP level 4. HP: 35/35 MP: 4/4
  1196 | D:2      | Quit the game

Illustrated notes

Levels and vault maps discovered:
D:1:      wander_arrival_lonely_grave, layout_rooms
D:2:      layout_loops_ring, zin_academy, ashenzari_altar_1, minitemple,
          chequers_ecumenical_altar_simple, uniq_natasha

Skill      XL: |  1  2 |
---------------+-------+-----
Shields        | 3 |  3.3
Axes           | 2 |  2.6
Armour         | 3 |  3.2
Fighting       | |  3.4
Dodging        | |  0.4

Action                   |  1- 3 |  4- 6 || total
-------------------------+-------+-------++-------
Melee: War axe           |   126 |     2 ||   128
Throw: Boomerang         |     3 |       ||     3
  Eat: Chunk             |     1 |       ||     1
Armor: Scale mail        |    44 |     1 ||    45
Dodge: Dodged            |    41 |       ||    41
Block: Kite shield       |    57 |       ||    57
